 Dungeon Crawl Stone Soup version 0.30-a0-568-g124715a40b (webtiles) character file.

Game seed: 8221085600197711139

4043 bmack86 the Cleaver (level 10, -13/88 HPs)
             Began as a Minotaur Fighter on Dec 29, 2022.
             Was a Priest of Okawaru.
             Killed from afar by an acid dragon (42 damage)
             ... with a splash of acid
             ... on level 8 of the Dungeon.
             The game lasted 00:28:57 (6562 turns).

bmack86 the Cleaver (Minotaur Fighter)              Turns: 6562, Time: 00:28:58

Health: -13/88     AC: 18    Str: 26    XL:     10   Next: 4%
Magic:  6/10       EV:  9    Int:  7    God:    Okawaru [***...]
Gold:   55         SH: 16    Dex:  9    Spells: 9/9 levels left

rFire   + . .      SeeInvis .    a - +0 war axe (venom)
rCold   . . .      Faith    .    i - +0 kite shield
rNeg    . . .      Spirit   .    D - +3 chain mail {rPois}
rPois   +          Reflect  +    (helmet restricted)
rElec   .          Harm     .    (no cloak)
rCorr   .          Rampage  .    m - +1 pair of gloves
Will    .....                    (no boots) Stlth
                                 f - amulet of reflection
HPRegen 0.34/turn                u - ring of flight
MPRegen 0.12/turn                z - ring of Okiroschugi {rF+ Int+2}

@: heroic, flying
A: horns 2, retaliatory headbutt
a: Renounce Religion, Heroism


You were on level 8 of the Dungeon.
You worshipped Okawaru.
Okawaru was most pleased with you.
You visited 2 branches of the dungeon, and saw 9 of its levels.
You also visited: Ossuary.

You collected 485 gold pieces.
You spent 430 gold pieces at shops.

Inventory:

Hand Weapons
 a - a +0 war axe of venom (weapon)
Missiles
 y - 8 poisoned darts (quivered)
 A - 2 throwing nets
 B - 14 boomerangs
Armour
 i - a +0 kite shield (worn)
 m - a +1 pair of gloves (worn)
 D - a +3 chain mail of poison resistance (worn)
 F - a +0 plate armour
Jewellery
 f - an amulet of reflection (around neck)
 u - a ring of flight (left hand)
 z - the ring of Okiroschugi (right hand) {rF+ Int+2}
   (You found it on level 5 of the Dungeon)

   [ring of protection from fire]

   Int:       It affects your intelligence (+2).
   rF:        It protects you from fire.
Wands
 C - a wand of iceblast (3)
Scrolls
 b - a scroll of noise
 c - a scroll of blinking {unknown}
 g - 3 scrolls of fear
 h - 2 scrolls of teleportation
 n - a scroll of brand weapon
 o - a scroll of fog {unknown}
 r - a scroll of amnesia {unknown}
 v - a scroll of enchant weapon
 w - a scroll of torment {unknown}
 E - a scroll of vulnerability {unknown}
Potions
 d - 4 potions of might
 e - 3 potions of mutation
 j - 5 potions of lignification
 l - 2 potions of flight
 p - a potion of invisibility
 q - 4 potions of curing
 s - 3 potions of cancellation
 t - 2 potions of degeneration
 x - 2 potions of attraction
 G - 3 potions of haste
 H - 4 potions of brilliance {unknown}
 I - 2 potions of berserk rage {unknown}


   Skills:
 + Level 8.1(13.1) Fighting
 * Level 10.4(15.4) Axes
 + Level 4.6(9.6) Throwing
 + Level 8.1(13.1) Armour
 + Level 8.0(13.0) Shields
 + Level 2.1 Invocations


You had 9 spell levels left.
You didn't know any spells.
Your spell library contained the following spells:

 Spells                   Type           Power      Damage    Failure   Level
 Beastly Appendage        Tmut           0%         N/A       98%         1
 Magic Dart               Conj           0%         1d3       98%         1
 Cigotuvi's Dreadful Rot  Necr/Pois/Air  0%         N/A       99%         2
 Poisonous Vapours        Pois/Air       0%         N/A       99%         2
 Scorch                   Fire           0%         2d5       99%         2
 Wereblood                Tmut           0%         N/A       99%         2
 Inner Flame              Hex/Fire       0%         N/A       100%        3
 Mephitic Cloud           Conj/Pois/Air  0%         N/A       100%        3
 Portal Projectile        Hex/Tloc       0%         N/A       100%        3
 Spider Form              Tmut/Pois      0%         N/A       100%        3
 Flame Wave               Conj/Fire      0%         2d4       100%        4
 Leda's Liquefaction      Hex/Erth       0%         N/A       100%        4
 Sticky Flame             Conj/Fire      0%         2d3       100%        4
 Blade Hands              Tmut           0%         N/A       100%        5
 Irradiate                Conj/Tmut      0%         3d11      100%        5
 Lee's Rapid Deconstruct  Erth           0%         3d4*      100%        5
 Statue Form              Tmut/Erth      0%         N/A       100%        6
 Dragon Form              Tmut           0%         N/A       100%        7
 Call Imp                 Summ           Unusable   N/A       N/A         2
 Call Canine Familiar     Summ           Unusable   N/A       N/A         3
 Summon Cactus Giant      Summ           Unusable   N/A       N/A         6

Dungeon Overview and Level Annotations

Branches:
Dungeon (8/15)             Temple (1/1) D:4         Ossuary (visited)
   Lair: D:8-11

Altars:
Ashenzari
Cheibriados
Dithmenos
Elyvilon
Fedhas
Gozag
Hepliaklqana
Kikubaaqudgha
Nemelex Xobeh
Okawaru
Qazlal
Ru
Sif Muna
Trog
Uskayaw
Vehumet
Wu Jian
Yredelemnul
Zin
The Shining One

Shops:
D:1 [   D:4 ?   D:7 (:?


Innate Abilities, Weirdness & Mutations

You have a pair of horns on your head.
You reflexively headbutt those who attack you in melee.


Message History

The centaur warrior shoots an arrow.
You reflect the arrow off an invisible shield around you!
The arrow hits the centaur warrior!
Your base Axes skill increases to level 10!
Your Invocations skill increases to level 1!
The centaur warrior shoots an arrow.
You reflect the arrow off an invisible shield around you!
The arrow hits the centaur warrior!!
An ice beast comes into view.
The centaur warrior shoots an arrow.
You reflect the arrow off an invisible shield around you!
The arrow hits the centaur warrior.
Things that are here:
3 large rocks; a cyclops corpse The centaur warrior unwields a +0 shortbow.
You block the centaur warrior's attack. The centaur warrior kicks you.
You slash the centaur warrior!
The centaur warrior is poisoned.
You headbutt the centaur warrior, but do no damage.
The centaur warrior is almost dead.
A tengu warrior comes into view. It is wielding a +0 battleaxe.
You block the centaur warrior's attack. x2
You slash the centaur warrior!
You kill the centaur warrior!
Okawaru is honoured by your kill.
Your base Fighting skill increases to level 8!
Your base Armour skill increases to level 8!
Your base Shields skill increases to level 8!
Your Invocations skill increases to level 2!
You have reached level 10!
The acid dragon bites you. You block the acid dragon's attack.
You see here a +0 shortbow.
You slash the acid dragon!
The acid dragon is poisoned.
The acid dragon is moderately wounded.
The acid dragon bites you but does no damage.
The acid dragon claws you but does no damage.
You closely miss the acid dragon.
The acid dragon is moderately wounded.
The acid dragon spits acid at you. The splash of acid hits you!!!
You die...

### #.# .# #.# ..#
#.# .##.... #.#
#.######.....#.
#.#####.#............
..........###)###....
..#####..## #.#.## .
..# #..## #)#(#.##
..# #.## #.#.#.#.#
..# #.. #.#.#.#@# .##
#.. #.#.#.#.#D# .
.....#.#.#.#


#YQ ## ###.##.#.#.# ##.. .# #.#.#.# ## ## ##.#.# .# ##.# ## ## .# You could see
a tengu warrior, an acid dragon (very poisoned, catching breath) and an ice
beast.

Vanquished Creatures
  A centaur warrior (D:8)
  A cyclops (D:8)
  A wyvern (D:8)
  A steam dragon (D:7)
  2 water moccasins
  2 black bears
  An ice beast (D:6)
  A sky beast (D:7)
  An ogre (D:5)
  A centaur (D:7)
  A kobold brigand (D:6)
  4 bullfrogs
  2 gnoll sergeants
  5 scorpions
  2 elf skeletons (D:8)
  4 killer bees (D:7)
  3 howler monkeys
  A jelly (D:5)
  6 human zombies
  3 orc priests
  6 hounds
  5 iguanas
  2 human skeletons (D:8)
  An orc wizard (D:5)
  2 mummies (Ossuary)
  5 gnolls (D:6)
  5 adders
  A shadow imp (D:5)
  A white imp (D:8)
  4 worms
  2 dart slugs
  26 orcs
  5 endoplasms
  5 giant cockroaches
  8 goblins
  6 hobgoblins
  3 jackals (D:1)
  2 kobolds (D:6)
  3 quokkas
  12 ball pythons
  5 bats
  2 frilled lizards
  10 hobgoblin zombies (Ossuary)
  3 jackal zombies (Ossuary)
  13 kobold zombies (Ossuary)
  5 orc zombies (Ossuary)
  3 rats (D:3)
  A rat zombie (Ossuary)
189 creatures vanquished.

Notes
Turn   | Place    | Note
-------+----------+-------------------------------------------
     0 | D:1      | bmack86 the Minotaur Fighter began the quest for the Orb.
     0 | D:1      | Reached XP level 1. HP: 19/19 MP: 0/0
    96 | D:1      | Reached XP level 2. HP: 27/27 MP: 1/1
   128 | D:1      | Reached skill level 3 in Axes
   378 | D:1      | Found Avugocasm's Armour Shoppe.
   986 | D:2      | Reached XP level 3. HP: 30/33 MP: 2/2
  1086 | D:2      | You fall into a shaft and drop 2 floors!
  2287 | D:3      | Reached XP level 4. HP: 40/40 MP: 3/3
  2584 | D:3      | Reached skill level 4 in Axes
  2796 | D:4      | Found a staircase to the Ecumenical Temple.
  2796 | D:4      | Noticed a scorpion
  2803 | D:4      | Killed a scorpion
  2804 | D:4      | Reached XP level 5. HP: 31/47 MP: 4/4
  2819 | Temple   | Entered the Ecumenical Temple
  2915 | D:4      | Reached skill level 5 in Axes
  2961 | D:4      | Reached XP level 6. HP: 55/55 MP: 5/5
  2978 | D:4      | Found Xuffuol's Magic Scroll Boutique.
  2985 | D:4      | Reached skill level 5 in Fighting
  2991 | D:4      | Bought a scroll of enchant weapon for 75 gold pieces
  3134 | D:4      | Reached skill level 5 in Armour
  3134 | D:4      | Reached skill level 5 in Shields
  3373 | D:5      | Entered Level 5 of the Dungeon
  3420 | D:5      | Reached skill level 6 in Axes
  3420 | D:5      | Reached XP level 7. HP: 21/61 MP: 6/6
  3728 | D:5      | Identified the ring of Okiroschugi {rF+ Int+2}
  3798 | D:5      | Reached skill level 1 in Throwing
  4093 | D:5      | Found a white marble altar of Elyvilon.
  4325 | D:1      | Bought a +3 chain mail of poison resistance for 258 gold
                  | pieces
  4453 | D:6      | Reached skill level 7 in Axes
  4462 | D:5      | Reached XP level 8. HP: 70/70 MP: 7/7
  4554 | D:6      | Found an iron altar of Okawaru.
  4564 | D:6      | Found a glowing silver altar of Zin.
  4569 | D:6      | Became a worshipper of Warmaster Okawaru
  4729 | D:6      | Found a hazy altar of Hepliaklqana.
  4729 | D:6      | Found a radiant altar of Vehumet.
  4877 | D:6      | Reached skill level 8 in Axes
  5111 | D:7      | Reached * piety under Okawaru
  5410 | D:7      | Reached XP level 9. HP: 76/79 MP: 8/8
  5478 | D:7      | Found Ilerin's Book Boutique.
  5536 | D:7      | Reached skill level 9 in Axes
  5541 | D:7      | Reached ** piety under Okawaru
  5827 | D:7      | Found Baanes's Magic Scroll Emporium.
  5837 | D:7      | Bought a scroll of enchant armour for 97 gold pieces
  5902 | D:7      | Found Him Ock's Antique Weapon Shoppe.
  6081 | D:8      | Found a sand-covered staircase.
  6091 | Ossuary  | Entered an ossuary
  6542 | D:8      | Noticed a cyclops
  6544 | D:8      | Noticed a white ugly thing
  6549 | D:8      | Noticed a centaur warrior
  6555 | D:8      | Killed a cyclops
  6555 | D:8      | Reached *** piety under Okawaru
  6556 | D:8      | Reached skill level 10 in Axes
  6556 | D:8      | Reached skill level 1 in Invocations
  6558 | D:8      | Noticed a tengu warrior
  6559 | D:8      | Killed a centaur warrior
  6560 | D:8      | Reached XP level 10. HP: 32/88 MP: 6/10
  6562 | D:8      | Killed from afar by an acid dragon

Illustrated notes

Levels and vault maps discovered:
D:1:      minmay_arrival_open_corners, layout_loops_ring, serial_shops, shop
D:2:      layout_loops_corners, hangedman_glass_teeth, nrook_loot_triangle
D:3:      layout_basic
D:4:      layout_loops_ring, minmay_temple_entry_large_hall, serial_shops,
          nicolae_shop_trees
D:5:      layout_loops_ring, elyvilon_altar_4
D:6:      layout_cave_pools, gammafunk_temple_overflow_pools,
          mainiacjoe_overflow_catwalk_spiral
D:7:      layout_cave_pods, serial_shops, nicolae_square_shop,
          nicolae_shop_behind_doors, nicolae_diamond_shop,
          hangedman_decor_clover_reticule, nrook_uturn
D:8:      minmay_the_grid_octo_2x2 [minmay_the_grid_octo_thin_diamonds,
          minmay_the_grid_octo_checkerflower, minmay_the_grid_octo_checkered,
          minmay_the_grid_octo_prize_ultimate_mussel_roller], layout_loops_ring,
          nicolae_ossuary_entry_catacombs, nicolae_blasting_shop
Temple:   hellmonk_temple_two_chambers

Skill      XL: |  1  2  3  4  5  6  7  8  9 |
---------------+----------------------------+-----
Axes           | 3 4 5 6 7 8 10 | 10.4
Shields        | 4 5 6 7 8 |  8.0
Fighting       | 4 5 6 7 8 |  8.1
Armour         | 4 5 6 7 8 |  8.1
Throwing       | 1 3 4 |  4.6
Invocations    | 2 |  2.1

Action                   |  1- 3 |  4- 6 |  7- 9 | 10-12 || total
-------------------------+-------+-------+-------+-------++-------
Melee: War axe           |    85 |    70 |   248 |     2 ||   405
       Headbutt          |    13 |    12 |    50 |       ||    75
Throw: Dart              |       |       |     8 |       ||     8
Invok: Heroism           |       |       |     1 |       ||     1
  Use: Scroll            |     6 |     4 |     6 |       ||    16
       Potion            |       |       |     1 |       ||     1
 Stab: Distracted        |       |       |     1 |       ||     1
Armor: Scale mail        |    40 |       |       |       ||    40
       Chain mail        |     2 |    29 |   143 |     2 ||   176
Dodge: Dodged            |    38 |    14 |    60 |       ||   112
Block: Buckler           |    31 |    31 |    48 |       ||   110
       Kite shield       |       |       |   134 |     1 ||   135
       Reflection        |       |       |     7 |       ||     7

Table legend: (Time is in decaauts)
 A = Elapsed time spent in this place.
 B = Non-inter-level travel time spent in this place.
 C = Inter-level travel time spent in this place.
 D = Time resting spent in this place.
 E = Time spent auto-exploring this place.
 F = Levels seen in this place.
 G = Mean time per level.
                   A        B        C        D        E       F      G
               +--------+--------+--------+--------+--------+-----+--------+
         Total |   6664 |   6309 |    355 |    126 |   3968 |  10 |  666.4 |
       Dungeon |   6272 |   5917 |    355 |    126 |   3916 |   8 |  784.0 |
        Temple |     74 |     74 |      0 |      0 |     48 |   1 |   74.0 |
       Ossuary |    318 |    318 |      0 |      0 |      4 |   1 |  318.0 |
               +--------+--------+--------+--------+--------+-----+--------+

Top non-repeatable levels by time:
     D:2: 1107 daAuts
     D:5: 963 daAuts
     D:7: 945 daAuts
     D:3: 927 daAuts
     D:1: 808 daAuts
     D:4: 686 daAuts
     D:6: 606 daAuts
 Ossuary: 318 daAuts
     D:8: 227 daAuts
  Temple: 74 daAuts
